AoeStats
← Dr. F

Arena

506424817Analyzed
2v2 RM · 18d ago on Sep 13, 2026· 28m 14s· 4 players
Game mode
Random Map
Map size
Medium (4 player)
Population
200
Speed
Normal
Resources
Standard
Victory
Conquest
Starting age
Dark Age
Ending age
Imperial Age
RankedLock teamsTeams togetherTeam positionsShared explorationLock speedFull tech treeHidden civsTurbo modeCheats
Victory
Defeat
🇺🇸 Bohemians · United States
697
+13
🇺🇸 Celts · United States
523
+21
🇩🇪 Spanish · Germany
647
-18
🇬🇧 Teutons · United Kingdom
600
-16
frog
ignacio.urech
12:28 Feudal Age
13:14 Double-Bit Axe
15:02 Loom
15:25 Horse Collar
18:19 Castle Age
19:20 Heavy Plow
19:46 Bow Saw
24:05 Wheelbarrow
23:32 Stone Mining
26:40 Gold Mining
27:16 Hand Cart
dnga_559wrestling
9:48 Feudal Age
17:50 Castle Age
15:53 Double-Bit Axe
21:20 Chemistry
26:18 Wheelbarrow
25:57 Fervor
Dr. F
3:13 Loom
10:37 Feudal Age
11:56 Wheelbarrow
11:49 Horse Collar
11:58 Double-Bit Axe
17:16 Scale Barding Armor
19:52 Castle Age
20:57 Heavy Plow
21:50 Bow Saw
26:35 Forging
26:45 Hand Cart
Connection lost

Rejoining the realm…

Still unreachable

The connection could not be restored.

Session expired

The server has moved on; the page needs a fresh start.